 Dungeon Crawl Stone Soup version 0.26.1-2-gb8aa6d0cf2 (webtiles) character file.

Game seed: 12757330060951874811

8437 Descartes the Thaumaturge (level 11, -10/54 HPs)
             Began as a Deep Elf Wanderer on Mar 27, 2021.
             Was a Priest of Vehumet.
             Killed from afar by an electric eel (13 damage)
             ... with a bolt of electricity
             ... on level 10 of the Dungeon.
             The game lasted 00:49:01 (19361 turns).

Descartes the Thaumaturge (Deep Elf Wanderer)      Turns: 19361, Time: 00:49:02

Health: -10/54     AC: 11    Str:  9    XL:     11   Next: 9%
Magic:  23/27      EV: 28    Int: 20    God:    Vehumet [***...]
Gold:   565        SH:  0    Dex: 21    Spells: 6/30 levels left

rFire    . . .     SeeInvis +   N - +8 autumn katana {vorpal, Clar}
rCold    . . .     Faith    .   (no shield)
rNeg     + . .     Spirit   .   H - +0 ring mail {Will+}
rPois    .         Reflect  .   z - +2 helmet
rElec    .         Harm     .   (no cloak)
rCorr    .         Rampage  .   E - +0 pair of gloves
Will     ++...     Clarity  +   (no boots)
Stlth    ++++......             t - amulet of the acrobat
HPRegen  0.18/turn              R - ring of positive energy
MPRegen  0.20/turn              y - +6 ring of dexterity

@: acrobat
A: molten scales 1, see invisible
a: Renounce Religion


You were on level 10 of the Dungeon.
You worshipped Vehumet.
Vehumet was most pleased with you.
You visited 2 branches of the dungeon, and saw 11 of its levels.
You also visited: Sewer, Ossuary and Bailey.

You collected 565 gold pieces.

Inventory:

Hand Weapons
 r - a +2 hand crossbow of flaming
 N - the +8 autumn katana (weapon) {vorpal, Clar}
   (You took it off an orc in a bailey)

   It inflicts extra damage upon your enemies.
   It protects you against confusion.
 V - a +1 dagger of holy wrath
Missiles
 a - 16 javelins
 b - 8 poisoned darts
 g - 393 stones
 m - 39 bolts
 s - 23 boomerangs
Armour
 c - +0 steam dragon scales
 z - a +2 helmet (worn)
 E - a +0 pair of gloves (worn)
 H - a +0 ring mail of willpower (worn)
 U - +0 fire dragon scales
 Y - a +0 troll leather armour
Jewellery
 t - an amulet of the acrobat (around neck)
 y - a +6 ring of dexterity (right hand)
 K - a +6 ring of dexterity
 R - a ring of positive energy (left hand)
Wands
 h - a wand of digging (6)
 k - a wand of acid (11)
 w - a wand of flame (1)
 F - a wand of polymorph (9)
 I - a wand of paralysis (7)
Scrolls
 i - 7 scrolls of remove curse
 j - 3 scrolls of blinking
 l - 8 scrolls of teleportation
 n - a scroll of torment {unknown}
 q - 5 scrolls of amnesia
 v - 5 scrolls of enchant armour
 D - 2 scrolls of fog
 J - a scroll of vulnerability {unknown}
 Q - a scroll of identify
 S - a scroll of fear
 T - 2 scrolls of immolation {unknown}
 X - 2 scrolls of enchant weapon
Potions
 d - 5 potions of flight
 e - a potion of haste
 f - a potion of degeneration {unknown}
 o - 2 potions of attraction
 p - 4 potions of brilliance
 u - 2 potions of might
 x - a potion of experience {unknown}
 A - a potion of berserk rage {unknown}
 B - 5 potions of curing
 C - 2 potions of resistance
 G - a potion of cancellation {unknown}
 L - 2 potions of invisibility {unknown}
 M - 2 potions of mutation
 O - a potion of magic {unknown}
 P - 2 potions of heal wounds {unknown}
Miscellaneous
 W - a lightning rod (4/4)


   Skills:
 + Level 3.3(4.0) Short Blades
 + Level 3.0(3.7) Long Blades
 - Level 5.0 Dodging
 + Level 9.0 Stealth
 - Level 1.0 Shields
 + Level 10.0 Spellcasting
 + Level 9.0 Conjurations
 + Level 2.3 Hexes
 + Level 5.4 Translocations
 + Level 0.9 Fire Magic
 - Level 5.0 Air Magic
 + Level 1.6 Earth Magic
 - Level 5.0 Poison Magic
 - Level 5.0 Evocations


You had 6 spell levels left.
You knew the following spells:

 Your Spells              Type           Power        Failure   Level
a - Magic Dart            Conj           100%         1%          1
b - Blink                 Tloc           N/A          3%          2
c - Mephitic Cloud        Conj/Pois/Air  35%          1%          3
d - Dazzling Flash        Conj/Hex       64%          1%          3
e - Olgreb's Toxic Radia  Pois           30%          7%          4
f - Iron Shot             Conj/Erth      15%          58%         6
g - Bolt of Magma         Conj/Fire/Erth 12%          28%         5

Your spell library contained the following spells:

 Spells                   Type           Power        Failure   Level
 Conjure Flame            Conj/Fire      30%          2%          3
 Iskenderun's Battlesphe  Conj           46%          3%          5
 Slow                     Hex            19%          11%         2
 Call Imp                 Summ           10%          28%         2
 Orb of Destruction       Conj           23%          67%         7
 Spellforged Servitor     Conj/Summ      14%          99%         7


Dungeon Overview and Level Annotations

Branches:
Dungeon (10/15)            Temple (1/1) D:6             Orc (0/2) D:9
  Sewer (visited)         Ossuary (visited)          Bailey (visited)
   Lair: D:8-11

Altars:
Ashenzari
Cheibriados
Dithmenos
Elyvilon
Fedhas
Gozag
Hepliaklqana
Kikubaaqudgha
Makhleb
Nemelex Xobeh
Okawaru
Qazlal
Ru
Sif Muna
Trog
Uskayaw
Vehumet
Wu Jian
Xom
Yredelemnul
Zin
The Shining One


Innate Abilities, Weirdness & Mutations

You are partially covered in molten scales. (AC +2)
You have supernaturally acute eyesight. (SInv)


Message History

The electric eel shoots out a bolt of lightning at you!
The bolt of electricity hits you!
Casting: Magic Dart (safe; 1% risk of failure)
Confirm with . or Enter, or press ? or * to list all spells.
You begin to radiate toxic energy.
The electric eel is poisoned. x2
The electric eel looks even sicker.
The electric eel shoots out a bolt of lightning at you!
The bolt of electricity hits you!
* * * LOW HITPOINT WARNING * * *
The electric eel shoots out a bolt of lightning at you!
The bolt of electricity hits you!
* * * LOW HITPOINT WARNING * * *
The electric eel looks even sicker.
Your toxic aura wanes.
The electric eel shoots out a bolt of lightning at you!
The bolt of electricity hits you!
* * * LOW HITPOINT WARNING * * *
The electric eel shoots out a bolt of lightning at you!
The bolt of electricity hits you!
You die...

##...#.# h.≈
#..##.# h≈
#.. #.# ≈ #$
#.# #.# #.#
#.# ≈ #.# Y≈.
####@##..≈≈.
#..).†...≈;≈
#.####..;≈≈≈
#.# ....≈≈
#.# ...≈≈ #.#
.≈≈≈≈
###########.#
....
#....<.....)#
.?..
#.#########.#


You could see 2 electric eels.

Vanquished Creatures
  2 two-headed ogres (D:8)
  Erica (D:9)
  A troll (D:10)
  Sigmund (D:4)
  A yak (D:9)
  Menkaure (D:6)
  A steam dragon (D:9)
  Edmund (D:4)
  A water moccasin (D:7)
  13 orc warriors
  2 ice beasts
  2 phantoms
  2 necrophages
  A black bear (D:7)
  A sky beast (D:7)
  6 ogres
  9 centaurs
  3 bullfrogs
  A water moccasin zombie (Ossuary)
  2 scorpions
  5 howler monkeys
  A vampire bat (D:4)
  5 bullfrog zombies
  3 jellies
  3 quasits
  3 orc wizards
  6 orc priests
  10 hounds
  An iguana (D:7)
  A merfolk siren (Sewer)
  5 worker ants
  A merfolk avatar (Sewer)
  5 hound zombies
  2 hound skeletons
  14 mummies
  A howler monkey zombie (Ossuary)
  A howler monkey skeleton (D:4)
  14 adders
  4 river rats (Sewer)
  A shadow imp (D:5)
  2 white imps (D:7)
  2 ufetubi
  4 adder zombies
  3 adder skeletons
  4 worms
  A dart slug (D:1)
  3 fire bats (D:4)
  4 leopard geckos
  49 orcs
  2 spectral bats (D:4)
  6 ball pythons (Sewer)
  A bat simulacrum (D:4)
  3 bat skeletons (D:4)
  A bat zombie (D:4)
  3 giant cockroaches
  10 goblins
  10 hobgoblins
  13 jackals
  12 kobolds
  4 quokkas
  A ball python zombie (Ossuary)
  13 bats
  9 frilled lizards
  A giant cockroach zombie (D:5)
  A jackal zombie (Ossuary)
  3 kobold zombies (D:7)
  A leopard gecko zombie (Ossuary)
  An orc zombie (D:7)
  A quokka skeleton (D:8)
  26 rats
332 creatures vanquished.

Vanquished Creatures (others)
  A quokka zombie (D:9)
  9 withered plants (Ossuary)
10 creatures vanquished.

Grand Total: 342 creatures vanquished

Notes
Turn   | Place    | Note
-------+----------+-------------------------------------------
     0 | D:1      | Descartes the Deep Elf Wanderer began the quest for the
                  | Orb.
     0 | D:1      | Descartes set off with the following items: a +0 dagger, 2
                  | potions of curing, a +0 robe; and the following spell
                  | memorised: Magic Dart; and the following spells available
                  | to memorise: Blink, Call Imp, Slow, Mephitic Cloud, Conjure
                  | Flame
     0 | D:1      | Reached XP level 1. HP: 10/10 MP: 9/9
   101 | D:1      | Reached skill level 1 in Conjurations
   312 | D:1      | Reached XP level 2. HP: 14/15 MP: 1/10
   809 | D:1      | Reached XP level 3. HP: 19/19 MP: 9/12
  1643 | D:2      | Reached XP level 4. HP: 10/24 MP: 5/13
  2965 | D:3      | Found a glowing drain.
  2984 | Sewer    | Entered a sewer
  3209 | Sewer    | Reached skill level 5 in Conjurations
  3260 | Sewer    | Reached skill level 1 in Dodging
  3260 | Sewer    | Reached XP level 5. HP: 19/28 MP: 4/15
  4143 | D:3      | Learned a level 2 spell: Blink
  4489 | D:3      | Found a bloodstained altar of Trog.
  5037 | D:4      | Reached skill level 6 in Spellcasting
  5037 | D:4      | Reached XP level 6. HP: 32/32 MP: 10/17
  5178 | D:4      | Reached skill level 1 in Translocations
  5178 | D:4      | Reached skill level 1 in Evocations
  5790 | D:4      | Reached XP level 7. HP: 35/36 MP: 3/19
  6306 | D:4      | Reached skill level 5 in Dodging
  6306 | D:4      | Reached skill level 7 in Spellcasting
  6608 | D:4      | Found a hazy altar of Hepliaklqana.
  6637 | D:5      | Entered Level 5 of the Dungeon
  7024 | D:5      | Noticed Sigmund
  7152 | D:4      | Killed Sigmund
  7153 | D:4      | Reached XP level 8. HP: 37/41 MP: 10/21
  7252 | D:5      | Got a bone dagger
  7253 | D:5      | Identified the cursed +0 dagger of Incongruity {antimagic,
                  | rPois Will+} (You found it on level 5 of the Dungeon)
  7356 | D:5      | Reached skill level 8 in Spellcasting
  8097 | D:6      | Noticed Edmund
  8266 | D:4      | Killed Edmund
  8267 | D:4      | Reached skill level 5 in Translocations
  8434 | D:6      | Reached skill level 5 in Evocations
  8487 | D:6      | Noticed Menkaure
  8495 | D:6      | Killed Menkaure
  8496 | D:6      | Reached skill level 9 in Spellcasting
  8786 | D:5      | Reached skill level 10 in Spellcasting
  8790 | D:5      | Learned a level 3 spell: Mephitic Cloud
  9164 | D:6      | Found a staircase to the Ecumenical Temple.
  9173 | Temple   | Entered the Ecumenical Temple
  9400 | Temple   | Became a worshipper of Vehumet
  9440 | D:6      | Found a snail-covered altar of Cheibriados.
  9984 | D:6      | Reached XP level 9. HP: 15/45 MP: 1/25
 10316 | D:7      | Noticed a +0 dagger
 10424 | D:7      | Found a sand-covered staircase.
 10430 | Ossuary  | Entered an ossuary
 10798 | Ossuary  | Reached * piety under Vehumet
 10798 | Ossuary  | Offered knowledge of Freeze by Vehumet.
 11519 | Ossuary  | Gained mutation: Your magical capacity is low. (-10% MP)
                  | [potion of mutation]
 11519 | Ossuary  | Gained mutation: You have supernaturally acute eyesight.
                  | (SInv) [potion of mutation]
 11519 | Ossuary  | Lost mutation: Your magical capacity is low. (-10% MP)
                  | [potion of mutation]
 11519 | Ossuary  | Gained mutation: You are partially covered in molten
                  | scales. (AC +2) [potion of mutation]
 11628 | D:7      | Noticed a +0 hand axe
 12414 | D:7      | Reached skill level 5 in Stealth
 12835 | D:7      | Found a hide-covered altar of Uskayaw.
 12847 | D:7      | Reached ** piety under Vehumet
 12847 | D:7      | Offered knowledge of Shock by Vehumet.
 13467 | D:8      | Noticed a two-headed ogre
 13494 | D:8      | Found a flagged portal.
 13510 | Bailey   | Entered a bailey
 13765 | Bailey   | HP: 1/45 [centaur/+0 spear (3)]
 14106 | Bailey   | Reached skill level 5 in Poison Magic
 14441 | Bailey   | Reached XP level 10. HP: 36/50 MP: 3/26
 14588 | Bailey   | Reached skill level 5 in Air Magic
 16041 | Bailey   | Offered knowledge of Dazzling Flash by Vehumet.
 16488 | D:8      | Killed a two-headed ogre
 16489 | D:8      | Reached skill level 1 in Short Blades
 16489 | D:8      | Reached skill level 1 in Long Blades
 16711 | D:8      | Reached *** piety under Vehumet
 16867 | D:8      | Noticed a two-headed ogre
 16887 | D:8      | Killed a two-headed ogre
 17095 | D:8      | Found an ornate altar of the Wu Jian Council.
 17399 | D:8      | Learned a level 3 spell: Dazzling Flash
 17562 | D:9      | Noticed Erica
 17574 | D:9      | Killed Erica
 17575 | D:9      | Reached skill level 1 in Hexes
 17663 | D:9      | Found a sacrificial altar of Ru.
 18152 | D:9      | Offered knowledge of Olgreb's Toxic Radiance by Vehumet.
 18232 | D:9      | Learned a level 4 spell: Olgreb's Toxic Radiance
 18239 | D:9      | Learned a level 6 spell: Iron Shot
 18245 | D:9      | Learned a level 5 spell: Bolt of Magma
 18807 | D:9      | Found a staircase to the Orcish Mines.
 18898 | D:10     | Entered Level 10 of the Dungeon
 18922 | D:9      | Reached XP level 11. HP: 54/54 MP: 20/27
 19361 | D:10     | Killed from afar by an electric eel

Illustrated notes

Levels and vault maps discovered:
D:1:      dpeg_arrival_court, layout_basic
D:2:      kennysheep_big_flooded_room, layout_loops_ring
D:3:      layout_basic, cheibrodos_sewer_entry_drain, trog_three_pillars_becter
D:4:      layout_basic, nzn_hepliaklqana_mist_gate, goddamned_bats
D:5:      layout_rooms, minmay_tree_intersection, minmay_misc_feat_room,
          uniq_sigmund
D:6:      layout_rooms, lemuel_round_altar, minmay_temple_entry_glass,
          uniq_menkaure, uniq_edmund
D:7:      layout_loops_corners, dancing_weapons_uskayaw,
          nicolae_ossuary_entry_plus, glass_columns_a, minmay_mini_ossuary
D:8:      layout_basic, pdpol_wu_jian_five_deadly_venoms, enter_bailey_5
D:9:      layout_rooms, orc_0_dummy, nicolae_ru_sacrificial_ziggurat, uniq_erica
D:10:     layout_loops_ring, erik_lair_island, serial_shops, shop
Temple:   eino_narrow_crystal_temple

Skill      XL: |  1  2  3  4  5  6  7  8  9 10 11 |
---------------+----------------------------------+-----
Conjurations   | 1 3 4 5 7 9 |  9.0
Dodging        | 1 3 4 5 |  5.0
Spellcasting   | 6 7 10 | 10.0
Translocations | 2 3 5 |  5.4
Evocations     | 2 3 5 |  5.0
Stealth        | 2 5 8 9 |  9.0
Poison Magic   | 2 5 |  5.0
Air Magic      | 4 5 |  5.0
Short Blades   | 3 |  3.3
Long Blades    | 2 3 |  3.0
Hexes          | 2 |  2.3
Shields        | |  1.0
Fire Magic     | |  0.9
Earth Magic    | |  1.6

Action                   |  1- 3 |  4- 6 |  7- 9 | 10-12 || total
-------------------------+-------+-------+-------+-------++-------
Melee: Dagger            |     4 |    20 |    65 |     3 ||    92
       Katana            |       |       |       |    31 ||    31
 Cast: Magic Dart        |    77 |   249 |   750 |   392 ||  1468
       Mephitic Cloud    |       |       |    23 |    26 ||    49
       Blink             |       |       |    13 |     5 ||    18
       Olgreb's Toxic Ra |       |       |       |     2 ||     2
Evoke: Wand              |       |       |    15 |       ||    15
  Use: Scroll            |       |     9 |    10 |       ||    19
       Potion            |       |     5 |     3 |     1 ||     9
 Stab: Confused          |       |       |     3 |     4 ||     7
Armor: Robe              |     4 |    25 |    32 |       ||    61
       Ring mail         |       |       |    89 |    39 ||   128
Dodge: Dodged            |    13 |    49 |   301 |   107 ||   470
       Rpst.: Katana     |       |       |       |    22 ||    22
